 Dungeon Crawl Stone Soup version 0.30.0-29-ga12c61a403 (webtiles) character file.

Game seed: 8796387802175000580

133 qw the Chopper (level 5, -4/32 HPs)
             Began as a Gargoyle Fighter on June 5, 2023.
             Slain by an ogre
             ... wielding a +0 giant club
              (24 damage)
             ... on level 3 of the Dungeon.
             The game lasted 00:01:11 (2672 turns).

qw the Chopper (Gargoyle Fighter)                   Turns: 2672, Time: 00:01:12

Health: -4/32      AC: 12    Str: 22    XL:     5   Next: 16%
Magic:  5/5        EV:  9    Int:  8    God:
Gold:   120        SH:  4    Dex:  9    Spells: 4/4 levels left

rFire   . . .        Y - +1 war axe
rCold   . . .        c - +0 buckler
rNeg    + . .        b - +0 scale mail
rPois   inf          a - +0 helmet
rElec   +            (no cloak)
rCorr   .            (no gloves)
SInv    .            (no boots)
Will    .....        (no amulet) Stlth
                     (no ring)
HPRegen 0.25/turn    (no ring)
MPRegen 0.09/turn

%: no passive effects
@: no status effects
A: sickness immunity, AC +4, negative energy resistance 1, electricity
resistance, torment resistance 1, petrification resistance
a: no special abilities


You were on level 3 of the Dungeon.
You visited 1 branch of the dungeon, and saw 3 of its levels.

You collected 120 gold pieces.


Innate Abilities, Weirdness & Mutations

You are immune to sickness and miasma.
Your stone body is resilient. (AC +4)
You are immune to poison.
You resist negative energy. (rN+)
You are resistant to electric shocks. (rElec)
You are resistant to unholy torment.
You are immune to petrification.


   Skills:
 - Level 3.2 Fighting
 + Level 4.7 Axes
 - Level 3.2 Armour
 - Level 3.2 Shields


You had 4 spell levels left.
You didn't know any spells.
Your spell library was empty.

Inventory:

Hand Weapons
 l - a +0 whip
 Y - a +1 war axe (weapon)
Armour
 a - a +0 helmet (worn)
 b - a +0 scale mail (worn)
 c - a +0 buckler (worn)
Scrolls
 h - a scroll of identify {unknown}
 i - a scroll of teleportation
 j - 2 scrolls of torment {unknown}
Potions
 d - a potion of might
 e - a potion of degeneration {unknown}
 f - a potion of mutation {unknown}
 g - a potion of berserk rage {unknown}
 k - a potion of brilliance {unknown}

Dungeon Overview and Level Annotations

Branches:
Dungeon (3/15)

Altars:

Annotations:
D:3 3 runed translucent doors, qw's ghost, amateur GrFi


Message History

Enter note:
Enter note:
Enter note:
Enter note:
j - 2 scrolls labelled BOT ACUUTICH (gained 1)
Found an escape hatch in the floor.
Enter note:
Enter note:
Enter note:
Enter note:
Enter note:
Enter note: An ogre comes into view. It is wielding a +0 giant club.
Found a faded altar of an unknown god.
The ogre shouts!
Enter note:
Enter note:
Enter note:
Enter note:
Enter note:
Enter note: You hit the ogre.
The ogre is moderately wounded.
The ogre hits you with a +0 giant club.
You hit the ogre.
The ogre is moderately wounded.
The ogre closely misses you.
You barely miss the ogre.
The ogre is moderately wounded.
The ogre hits you with a +0 giant club!
You hit the ogre.
The ogre is moderately wounded.
The ogre barely misses you.
You hit the ogre.
The ogre is heavily wounded.
You barely miss the ogre.
The ogre is heavily wounded.
The ogre hits you with a +0 giant club!!
Ouch! That really hurt!
You die...

####.#.......).#.. #.
#................ #.
#.#.#.....#)###..
###.###.#.##...........
........<.....###.###..
##...........# #.##...
#.#...#.#######.##...
#...#....>....##...
#.@######..........
#..O^_# #.######..#
#..######.# #..# ....
#....# #..# ....#
#.#### #..# #....# #.#
#..# .....# #.# #..#
##....###.# #..#
........#########..#


You could see an ogre.

Vanquished Creatures
  Natasha (D:2)
  3 adders (D:2)
  2 worms
  3 dart slugs
  6 ball pythons
  5 endoplasms
  2 giant cockroaches
  8 goblins
  6 hobgoblins
  3 jackals (D:1)
  6 quokkas
  7 bats
  2 frilled lizards
  4 kobolds
  6 rats
64 creatures vanquished.

Notes
Turn   | Place    | Note
-------+----------+-------------------------------------------
     0 | D:1      | qw the Gargoyle Fighter began the quest for the Orb.
     0 | D:1      | Reached XP level 1. HP: 14/14 MP: 1/1
     0 | D:1      | 0 ||| qw: Version: 0.2-a-108-gee2c290
     0 | D:1      | 0 ||| qw: Game counter: 1361
     0 | D:1      | 0 ||| qw: Always use a shield: true
     0 | D:1      | 0 ||| qw: God list: Okawaru
     0 | D:1      | 0 ||| qw: Allow faded altars: false
     0 | D:1      | 0 ||| qw: Do Orc after D:15 true
     0 | D:1      | 0 ||| qw: Do second Lair branch before Depths: true
     0 | D:1      | 0 ||| qw: Lair rune preference: random
     0 | D:1      | 0 ||| qw: Plans: Normal, Zot:1-4, Slime:5, God:TSO, Crypt,
                  | Tomb, Abyss, Pan, Hells, Win
     0 | D:1      | 0 ||| PLANNING D:1-11
    42 | D:1      | Reached skill level 2 in Axes
   136 | D:1      | Reached XP level 2. HP: 19/19 MP: 2/2
   410 | D:1      | Reached skill level 3 in Axes
   676 | D:1      | 676 ||| Stepping ~*~*~tactically~*~*~ (stealth).
   679 | D:1      | 679 ||| FLEEEEING.
   680 | D:1      | 680 ||| FLEEEEING.
   681 | D:1      | 681 ||| FLEEEEING.
   683 | D:1      | 683 ||| FLEEEEING.
   693 | D:1      | Reached XP level 3. HP: 23/23 MP: 3/3
   721 | D:1      | 721 ||| DROPPING +0 club.
   957 | D:1      | 957 ||| DROPPING +6 ring of intelligence.
   958 | D:1      | 958 ||| READING scroll labelled NAENEUH CYOBB.
   959 | D:1      | 959 ||| READING scroll labelled WEJISTR WIOJUTE.
   960 | D:1      | 960 ||| READING scroll labelled OLUOVI TOAPOUTS.
   961 | D:1      | 961 ||| READING 2 scrolls labelled ZAANKE CYBIMMU.
   962 | D:1      | 962 ||| DROPPING scroll of fear.
  1095 | D:2      | Reached XP level 4. HP: 28/28 MP: 4/4
  1109 | D:2      | 1109 ||| Stepping ~*~*~tactically~*~*~ (hiding).
  1392 | D:2      | Reached skill level 4 in Axes
  1526 | D:2      | 1526 ||| UPGRADING to +0 helmet.
  1963 | D:2      | Noticed Natasha
  1965 | D:2      | 1965 ||| Stepping ~*~*~tactically~*~*~ (hiding).
  1973 | D:2      | Killed Natasha
  2150 | D:2      | 2150 ||| READING scroll labelled FEEDIO VIZUA.
  2218 | D:3      | 2218 ||| Stepping ~*~*~tactically~*~*~ (stealth).
  2220 | D:3      | 2220 ||| Stepping ~*~*~tactically~*~*~ (hiding).
  2221 | D:3      | 2221 ||| Stepping ~*~*~tactically~*~*~ (hiding).
  2351 | D:3      | Reached XP level 5. HP: 32/32 MP: 5/5
  2413 | D:3      | 2413 ||| Stepping ~*~*~tactically~*~*~ (hiding).
  2562 | D:3      | Found a runed translucent gate.
  2562 | D:3      | Found a runed translucent gate.
  2562 | D:3      | Found a runed translucent gate.
  2567 | D:3      | Noticed qw's ghost (amateur GrFi)
  2665 | D:3      | Found a faded altar of an unknown god.
  2665 | D:3      | Noticed an ogre
  2672 | D:3      | Slain by an ogre

Levels and vault maps discovered:
D:1:      saegor_arrival_simple_e, layout_loops_corners
D:2:      layout_loops_cross, serial_co_window_serial, co_window_corner_a,
          co_window_corner_a, co_window_paths_a, co_window_of_opportunity_a,
          co_window_corner_a, co_window_corner_a, co_window_corner_a,
          co_window_of_opportunity_a, co_window_paths_b,
          co_window_unsneaky_path_a, co_window_unsneaky_path_e,
          co_window_of_opportunity_c, co_window_broadway_a,
          co_window_broadway_c, co_window_unsneaky_path_e, co_window_broadway_a,
          glass_columns_c, glass_columns_a, glass_columns_b,
          hangedman_abyss_or_decor_stabs, uniq_natasha
D:3:      layout_loops_ring, nicolae_wu_jian_immortal_techniques,
          hellmonk_ecumenical_altar_leap_of_faith, gammafunk_ghost_necromancy,
          hangedman_feature_mirror, chequers_garden

Skill      XL: |  1  2  3  4 |
---------------+-------------+-----
Axes           | 2 3 4 |  4.7
Fighting       | |  3.2
Armour         | |  3.2
Shields        | |  3.2

Action                     |  1- 3 |  4- 6 || total
---------------------------+-------+-------++-------
  Melee: War axe           |    90 |    93 ||   183
    Use: Scroll            |     4 |     1 ||     5
 Armour: Scale mail        |    48 |    38 ||    86
  Dodge: Dodged            |    43 |    26 ||    69
  Block: Buckler           |    17 |    16 ||    33

Table legend:
 A = Non-vault XP
 B = Vault XP
 C = Vault XP percentage of total XP
 D = Non-vault monster count
 E = Vault monster count
 F = Vault count percentage of total count
                 A         B        C        D         E       F
            +---------+---------+-------+---------+---------+-------
      Total |     143 |      47 |  24.7 |      57 |       7 |  10.9
            +---------+---------+-------+---------+---------+-------
        D:1 |      40 |       0 |   0.0 |      24 |       0 |   0.0
        D:2 |      74 |      35 |  32.1 |      20 |       1 |   4.8
        D:3 |      29 |      12 |  29.3 |      13 |       6 |  31.6
            +---------+---------+-------+---------+---------+-------
